 Dungeon Crawl Stone Soup version 0.21.1-1-g345015f (webtiles) character file.

23 goulibeur the Unweaver (level 2, 0/24 HPs)
             Began as a Demonspawn Abyssal Knight on July 15, 2018.
             Was a Follower of Lugonu.
             Succumbed to an adder's poison
             ... on level 1 of the Dungeon.
             The game lasted 00:02:24 (898 turns).

goulibeur the Unweaver (Demonspawn Abyssal Knight)   Turns: 898, Time: 00:02:24

Health: 0/24       AC:  5    Str: 12    XL:     2   Next: 75%
Magic:  4/4        EV: 11    Int: 13    God:    Lugonu [*.....]
Gold:   53         SH:  0    Dex: 12    Spells: 1/1 levels left

rFire    . . .     SeeInvis .   a - +1 short sword
rCold    . . .     Gourm    .   (no shield)
rNeg     . . .     Faith    .   b - +0 leather armour
rPois    .         Spirit   .   (no helmet)
rElec    .         Reflect  .   (no cloak)
rCorr    .         Harm     .   (no gloves)
MR       .....                  (no boots)
Stlth    +.........             (no amulet)
HPRegen  0.08/turn              (no ring)
MPRegen  0.09/turn              (no ring)

@: lethally poisoned (0 -> -7)
A: icy blue scales 1
a: Depart the Abyss, Renounce Religion


You were on level 1 of the Dungeon.
You worshipped Lugonu.
Lugonu was aware of your devotion.
You were not hungry.

You visited 1 branch of the dungeon, and saw 2 of its levels.
You visited the Abyss 1 time.

You collected 53 gold pieces.

Inventory:

Hand Weapons
 a - a +1 short sword (weapon)
 f - a +0 vampiric whip
Armour
 b - a +0 leather armour (worn)
Scrolls
 d - a scroll of enchant weapon {unknown}
 e - a scroll of amnesia {unknown}
 j - a scroll of enchant armour {unknown}
 k - a scroll of teleportation {unknown}
 m - 2 scrolls of remove curse {unknown}
 n - a scroll of identify {unknown}
 o - a scroll of magic mapping {unknown}
Potions
 h - a potion of berserk rage {unknown}
 i - a potion of agility {unknown}
 l - a potion of invisibility {unknown}
Comestibles
 c - 5 rations
 g - 5 chunks of flesh


   Skills:
 + Level 3.2 Fighting
 - Level 1.7 Short Blades
 + Level 2.1 Armour
 + Level 1.3 Dodging
 * Level 3.3 Invocations


You had one spell level left.
You didn't know any spells.

Dungeon Overview and Level Annotations

Branches:
Dungeon (2/15)

Altars:


Innate Abilities, Weirdness & Mutations

You are partially covered in icy blue scales. (AC +2)


Message History

Lugonu accepts your kill. The adder misses you.
A rat comes into view.
The rat moves out of view.
The adder closely misses you.
Things that are here:
a whip; 3 stones; a kobold corpse You see here 4 gold pieces.
Found 10 gold pieces.
Found a stone staircase leading down.
There is a stone staircase leading up here.
The adder bites you.
* * * LOW HITPOINT WARNING * * *
The adder bites you.
* * * LOW HITPOINT WARNING * * *
You are lethally poisoned!
The adder poisons you!
You climb upwards.
* * * LOW HITPOINT WARNING * * *
You feel sick.
There is a stone staircase leading down here.
You die...

#...(# ##.#######.# #....#
#.######..# #....#
#.#........
#.#.#####.#........
#............######
##....####...##...# #....#
##..#.###. #....# #..#.#⌠#.
##########@...#####..#.##'.
#........#>.......#..##...#
#.######.##S##.##.#..######
#.##...#.##.##.##.#.<......
#.##.#.#.##.##.##.#........
#.##.#.#.##.##.##.#..#..#.#
#.##.#.#.##.##.##.#........
#.##......#.##.##.###.#####
#.####.#..#.##........# #


You could see an adder.

Vanquished Creatures
  A dart slug (D:1)
  A leopard gecko (D:1)
  A bat (D:1)
  2 giant cockroaches (D:1)
  2 goblins (D:1)
  3 hobgoblins (D:1)
  4 kobolds
  A frilled lizard (D:1)
  3 rats (D:1)
18 creatures vanquished.

Notes
Turn   | Place    | Note
-------+----------+-------------------------------------------
     0 | Abyss:1  | goulibeur the Demonspawn Abyssal Knight began the quest for the Orb.
     0 | Abyss:1  | Reached XP level 1. HP: 18/18 MP: 2/2
     0 | Abyss:1  | Found a corrupted altar of Lugonu.
   104 | Abyss:1  | Noticed a thrashing horror
   104 | D:1      | Escaped the Abyss
   264 | D:1      | Reached * piety under Lugonu
   264 | D:1      | Reached skill level 1 in Dodging
   430 | D:1      | Gained mutation: You are partially covered in icy blue scales. (AC +2) [demonic ancestry]
   430 | D:1      | Reached XP level 2. HP: 23/24 MP: 4/4
   897 | D:1      | HP: 1/24 [poisoned by an adder]
   898 | D:1      | Succumbed to an adder's poison

Skill      XL: |  1  2 |
---------------+-------+-----
Dodging        | 1 |  1.3
Invocations    | 3 |  3.3
Armour         | 2 |  2.1
Fighting       | |  3.2
Short Blades   | |  1.7

Action                   || total
-------------------------++-------
Melee: Short sword       ||    62
Invok: Depart the Abyss  ||     1
Armor: Leather armour    ||    22
Dodge: Dodged            ||    44
